 Dungeon Crawl Stone Soup version 0.31.0-12-g77e489cdc1 (webtiles) character file.

Game seed: 8705724627501224159

2334 Arietz the Destroyer (level 9, -4/75 HPs)
             Began as a Black Draconian Conjurer on Feb 21, 2024.
             Slain by an orc warrior
             ... wielding a +0 heavy halberd
              (19 damage)
             ... on level 8 of the Dungeon.
             The game lasted 00:20:59 (10660 turns).

Arietz the Destroyer (Black Draconian Conjurer)    Turns: 10660, Time: 00:20:59

Health: -4/75      AC:  8    Str: 10    XL:     9   Next: 19%
Magic:  5/13       EV: 12    Int: 22    God:
Gold:   354        SH:  0    Dex: 10    Spells: 3/14 levels left

rFire   + . .        v - staff of conjuration {!a}
rCold   + . .        (no shield)
rNeg    + . .        (body armour unavailable)
rPois   .            (helmet restricted)
rElec   +            x - scarf {rC+ rF+}
rCorr   .            (no gloves)
SInv    .            e - +0 pair of boots
Will    .....        j - amulet of regeneration
Stlth   ++           N - ring of positive energy
HPRegen 1.12/turn    (no ring)
MPRegen 0.13/turn

%: no passive effects
@: no status effects
A: breathe lightning, AC +7, unfitting armour, electricity resistance,
cold-blooded
a: Breathe Lightning


You were on level 8 of the Dungeon.
You visited 1 branch of the dungeon, and saw 8 of its levels.

You collected 354 gold pieces.


Innate Abilities, Weirdness & Mutations

You can breathe wild blasts of lightning.
Your glossy black scales are hard. (AC +7)
You cannot fit into any form of body armour.
You are resistant to electric shocks. (rElec)
You are cold-blooded and may be slowed by cold attacks.


   Skills:
 - Level 6.0 Fighting
 + Level 4.0 Staves
 - Level 1.7 Dodging
 - Level 1.7 Stealth
 - Level 3.0 Spellcasting
 - Level 8.0 Conjurations
 - Level 3.0 Translocations
 - Level 3.0 Alchemy
 + Level 5.0 Evocations


You had 3 spell levels left.
You knew the following spells:

 Your Spells              Type           Power      Damage    Failure   Level
f - Fulminant Prism       Conj/Alch      20%        3d12      13%         4
m - Magic Dart            Conj           100%       1d8       1%          1
s - Searing Ray           Conj           100%       2d8       1%          2
X - Iskenderun's Mystic   Conj/Tloc      41%        2d9       13%         4

Your spell library contained the following spells:

 Spells                   Type           Power      Damage    Failure   Level
 Momentum Strike          Conj/Tloc      82%        3d10      1%          2
 Blink                    Tloc           32%        N/A       5%          2
 Lesser Beckoning         Tloc           32%        N/A       5%          2
 Mercury Vapours          Alch/Air       18%        N/A       10%         2
 Frozen Ramparts          Ice            6%         1d1       36%         3
 Fugue of the Fallen      Necr           3%         N/A       36%         3
 Leda's Liquefaction      Alch/Erth      4%         N/A       54%         4
 Petrify                  Alch/Erth      9%         N/A       54%         4
 Airstrike                Air            1%         2d(1-17)  77%         4
 Anguish                  Hex/Necr       1%         N/A       77%         4
 Cause Fear               Hex            1%         N/A       77%         4
 Martyr's Knell           Necr/Summ      3%         N/A       77%         4
 Metabolic Englaciation   Hex/Ice        1%         N/A       98%         5
 Plasma Beam              Fire/Air       1%         2x1d11    100%        6
 Enfeeble                 Hex            1%         N/A       100%        7

Inventory:

Missiles
 d - 2 javelins
 s - 11 poisoned darts (quivered)
Armour
 e - a +0 pair of boots (worn)
 x - a scarf of resistance (worn)
Magical Staves
 m - a staff of fire {!a}
 v - a staff of conjuration (weapon) {!a}
Jewellery
 j - an amulet of regeneration (around neck)
 w - an amulet of reflection
 N - a ring of positive energy (left hand)
Wands
 c - a wand of quicksilver (7)
 q - a wand of paralysis (13)
 C - a wand of polymorph (12)
Scrolls
 f - a scroll of blinking {unknown}
 h - a scroll of immolation {unknown}
 i - 2 scrolls of teleportation {@r2}
 k - a scroll of fear {unknown}
 l - a scroll of brand weapon {unknown}
 p - 3 scrolls of enchant weapon
 t - 2 scrolls of fog {unknown}
 u - a scroll of amnesia {unknown}
 y - a scroll of identify {@r1}
Potions
 a - 2 potions of magic
 b - 2 potions of heal wounds {@q2}
 g - 3 potions of curing {@q1}
 n - a potion of enlightenment {unknown}
 o - a potion of might {unknown}
 r - a potion of attraction
 z - 2 potions of invisibility {unknown}
 A - 2 potions of lignification {unknown}
 B - 2 potions of mutation {unknown}

Dungeon Overview and Level Annotations

Branches:
Dungeon (8/15)             Temple (0/1) D:6
   Lair: D:8-11

Altars:
Elyvilon
Makhleb
Zin
The Shining One

Shops:
D:1 (

Annotations:
D:1 2 runed translucent doors
D:6 1 runed translucent door, Tripartite's ghost, novice KoBr

#..###...##..####.......
###..#....†.##..##...##...
##....))..#.o###....### ..
#.....##..##..#....## .
#....####)###.oo...#
#....# #o##.#####..#
#....## ##o#.# #...#
#..#..## #..## #.###
#..##.<# #@## .## #.####.#
#.# # ## ### ###


You could see an orc warrior and an orc wizard.


Message History

Aiming: Searing Ray (safe; 1% risk of failure)
Press: ? - help, Shift-Dir - straight line, f - orc priest, p - orc warrior
Aim: an orc priest, wielding a +0 short sword and wearing a +2 scale mail of positive energy (85% to hit)
You feel a surge of power!
The searing ray hits the orc warrior but does no damage.
The orc warrior is lightly wounded.
The searing ray hits the orc priest.
The orc priest is moderately wounded. (Press . to maintain the ray.)
The orc warrior hits you from afar with a +0 heavy halberd!
The searing ray misses the orc warrior.
The searing ray hits the orc priest.
The orc priest is heavily wounded.
The orc priest looks encouraged for a moment.
The searing ray hits the orc warrior.
The orc warrior is moderately wounded.
The searing ray hits the orc priest but does no damage.
The orc priest is heavily wounded.
The searing ray hits the orc wizard!
The orc wizard is moderately wounded.
The orc warrior hits you from afar with a +0 heavy halberd!!
* * * LOW HITPOINT WARNING * * *
The searing ray hits the orc warrior.
The orc warrior is heavily wounded.
The searing ray hits the orc priest!
You kill the orc priest!
The searing ray hits the orc wizard!
The orc wizard is almost dead.
You finish channelling your searing ray.
The orc warrior hits you from afar with a +0 heavy halberd!!
You die...

Skill      XL: |  1  2  3  4  5  6  7  8  9 |
---------------+----------------------------+-----
Fighting       | 1 2 3 4 5 6 |  6.0
Conjurations   | 5 6 7 8 |  8.0
Spellcasting   | 3 |  3.0
Evocations     | 1 4 5 |  5.0
Staves         | 1 4 |  4.0
Translocations | 2 3 |  3.0
Alchemy        | 3 |  3.0
Dodging        | |  1.7
Stealth        | |  1.7

Action                     |  1- 3 |  4- 6 |  7- 9 || total
---------------------------+-------+-------+-------++-------
  Melee: Whip              |    73 |    14 |       ||    87
         Tailslap          |     7 |     6 |     7 ||    20
         Punch             |     1 |       |     3 ||     4
         Dagger            |       |    32 |       ||    32
         Staff             |       |       |    62 ||    62
  Throw: Dart              |       |    13 |     9 ||    22
   Cast: Magic Dart        |     6 |     2 |       ||     8
         Searing Ray       |    23 |    23 |    50 ||    96
  Evoke: Wand              |       |       |     1 ||     1
    Use: Scroll            |       |     4 |     2 ||     6
         Potion            |       |       |     1 ||     1
   Stab: Paralysed         |       |       |    13 ||    13
 Armour: Skin              |    59 |    44 |    92 ||   195
  Dodge: Dodged            |    75 |    49 |    67 ||   191

Levels and vault maps discovered:
D:1:      erik_arrival_cave_to_civilisation [erik_arrival_cave_to_temple],
          layout_basic, serial_shops, nicolae_shop_mannequins,
          hellmonk_ecumenical_altar_heavens_door, st_stairs_4
D:2:      layout_rooms
D:3:      layout_basic, minmay_checkerbox
D:4:      layout_basic, minmay_crossroads
D:5:      layout_rooms, nrook_uturn, minmay_lizard_king, uniq_menkaure
D:6:      layout_basic, nicolae_overflow_hidden_temple,
          mainiacjoe_overflow_catch_the_wave, temple_hall,
          ebering_ghost_reflecting_pool, minmay_misc_feat_enclosed
D:7:      layout_loops_cross, lemuel_crystal_altar
D:8:      layout_layer_cave, grunt_lair_entry_orc_guard_hut,
          gammafunk_ghost_arena

Notes
Turn   | Place    | Note
-------+----------+-------------------------------------------
     0 | D:1      | Arietz the Draconian Conjurer began the quest for the Orb.
     0 | D:1      | Reached XP level 1. HP: 14/14 MP: 3/3
   126 | D:1      | Found a large runed translucent door.
   126 | D:1      | Found a large runed translucent door.
   130 | D:1      | Reached skill level 1 in Fighting
   290 | D:1      | Reached XP level 2. HP: 22/24 MP: 1/5
   293 | D:1      | Learned a level 2 spell: Searing Ray
   334 | D:1      | Reached skill level 2 in Fighting
   488 | D:1      | Noticed a +0 demon trident
   489 | D:1      | Found Feagitey's Weapon Boutique.
   491 | D:1      | Noticed a +0 triple sword
   680 | D:1      | Found a faded altar of an unknown god.
  1415 | D:2      | Reached XP level 3. HP: 29/29 MP: 3/6
  2162 | D:3      | Reached skill level 5 in Conjurations
  2652 | D:3      | Reached XP level 4. HP: 20/37 MP: 4/7
  2995 | D:3      | Got Zaetuplu's Codex of Pneumatic Death
  3421 | D:4      | Noticed a phantom
  3431 | D:4      | Reached skill level 3 in Fighting
  3973 | D:4      | Reached skill level 3 in Spellcasting
  3973 | D:4      | Reached XP level 5. HP: 44/45 MP: 7/9
  4575 | D:4      | Killed a phantom
  4576 | D:4      | Reached skill level 4 in Fighting
  4716 | D:5      | Entered Level 5 of the Dungeon
  4728 | D:5      | Reached XP level 6. HP: 53/55 MP: 10/10
  4824 | D:5      | Reached skill level 5 in Fighting
  5030 | D:5      | Noticed Menkaure
  5174 | D:5      | Killed Menkaure
  5306 | D:5      | Reached skill level 6 in Conjurations
  5371 | D:5      | Identified the +5 rapier of Conflict {drain, *Rage Fly
                  | rF++}
  5418 | D:5      | Identified the +5 dagger "Qommumau" {pain, rC++ MP-9 Str+3}
  5507 | D:5      | Reached skill level 1 in Evocations
  5507 | D:5      | Your scales start taking on a glossy black colour.
  5507 | D:5      | Reached XP level 7. HP: 46/61 MP: 9/11
  5507 | D:5      | Gained mutation: You are resistant to electric shocks.
                  | (rElec) [Black Draconian growth]
  5978 | D:5      | Reached skill level 2 in Evocations
  6157 | D:5      | Identified a scarf of resistance
  6554 | D:6      | Reached skill level 1 in Staves
  6663 | D:6      | Found a runed translucent door.
  6668 | D:6      | Noticed Tripartite's ghost (novice KoBr)
  6677 | D:6      | Reached skill level 7 in Conjurations
  6677 | D:6      | Reached skill level 3 in Evocations
  6732 | D:6      | Reached skill level 4 in Evocations
  6989 | D:6      | Reached XP level 8. HP: 68/68 MP: 7/12
  7030 | D:6      | Reached skill level 5 in Evocations
  7360 | D:6      | Reached skill level 2 in Staves
  7615 | D:6      | Found a glowing silver altar of Zin.
  7800 | D:6      | Found a white marble altar of Elyvilon.
  7937 | D:6      | Reached skill level 3 in Staves
  8080 | D:6      | Found a staircase to the Ecumenical Temple.
  8233 | D:7      | Noticed a gargoyle
  8315 | D:7      | Reached skill level 4 in Staves
  8331 | D:7      | Reached skill level 6 in Fighting
  8336 | D:7      | Learned a level 4 spell: Iskenderun's Mystic Blast
  8559 | D:7      | Reached skill level 1 in Translocations
  8750 | D:7      | Reached skill level 2 in Translocations
  9039 | D:6      | Found a glowing golden altar of the Shining One.
  9254 | D:7      | Found a burning altar of Makhleb.
  9299 | D:7      | Reached XP level 9. HP: 75/75 MP: 5/13
  9460 | D:7      | Learned a level 4 spell: Fulminant Prism
  9913 | D:8      | Reached skill level 8 in Conjurations
  9913 | D:8      | Reached skill level 3 in Translocations
  9913 | D:8      | Reached skill level 1 in Alchemy
  9918 | D:8      | Noticed an elephant
 10120 | D:8      | Reached skill level 2 in Alchemy
 10618 | D:8      | Noticed an elephant
 10628 | D:8      | Reached skill level 3 in Alchemy
 10660 | D:8      | Slain by an orc warrior

Vanquished Creatures
  Menkaure (D:5)
  An ice beast (D:7)
  2 orc warriors
  2 sky beasts
  2 centaurs (D:7)
  A phantom (D:4)
  4 scorpions
  A gnoll sergeant (D:6)
  4 killer bees (D:7)
  6 howler monkeys
  4 bombardier beetles
  A jelly (D:7)
  2 hounds
  3 orc priests
  2 sleepcaps
  4 iguanas
  4 orc wizards
  8 adders
  10 gnolls
  A shadow imp (D:5)
  3 dart slugs
  21 orcs
  4 bats
  5 endoplasms (D:4)
  4 giant cockroaches
  8 goblins
  6 hobgoblins
  6 jackals
  5 quokkas
  9 ball pythons
  6 frilled lizards
  7 kobolds
  5 rats
152 creatures vanquished.

Vanquished Creatures (others)
  An orc wizard (D:5)
1 creature vanquished.

Grand Total: 153 creatures vanquished

Table legend: (Time is in decaauts)
 A = Elapsed time spent in this place.
 B = Non-inter-level travel time spent in this place.
 C = Inter-level travel time spent in this place.
 D = Time resting spent in this place.
 E = Time spent auto-exploring this place.
 F = Levels seen in this place.
 G = Mean time per level.
                   A        B        C        D        E       F      G
               +--------+--------+--------+--------+--------+-----+--------+
         Total |  10681 |  10462 |    219 |   4196 |   4843 |   8 | 1335.1 |
       Dungeon |  10681 |  10462 |    219 |   4196 |   4843 |   8 | 1335.1 |
               +--------+--------+--------+--------+--------+-----+--------+

Top non-repeatable levels by time:
     D:6: 1743 daAuts
     D:5: 1709 daAuts
     D:4: 1559 daAuts
     D:7: 1467 daAuts
     D:3: 1345 daAuts
     D:1: 1295 daAuts
     D:2: 807 daAuts
     D:8: 753 daAuts

Table legend:
 A = Non-vault XP
 B = Vault XP
 C = Vault XP percentage of total XP
 D = Non-vault monster count
 E = Vault monster count
 F = Vault count percentage of total count
                 A         B        C        D         E       F
            +---------+---------+-------+---------+---------+-------
      Total |    3151 |     224 |   6.6 |     133 |      19 |  12.5
            +---------+---------+-------+---------+---------+-------
        D:1 |      14 |      11 |  44.0 |       9 |       5 |  35.7
        D:2 |      39 |       0 |   0.0 |      16 |       0 |   0.0
        D:3 |      32 |       9 |  22.0 |      12 |       4 |  25.0
        D:4 |     259 |       6 |   2.3 |      19 |       3 |  13.6
        D:5 |     506 |     198 |  28.1 |      22 |       7 |  24.1
        D:6 |     759 |       0 |   0.0 |      27 |       0 |   0.0
        D:7 |    1039 |       0 |   0.0 |      15 |       0 |   0.0
        D:8 |     503 |       0 |   0.0 |      13 |       0 |   0.0
            +---------+---------+-------+---------+---------+-------
